 Dungeon Crawl Stone Soup version 0.19.0-23-gf02e663 (webtiles) character file.

49623 frd the Fighter (level 14, -21/96 HPs)
             Began as a Gargoyle Berserker on Nov 13, 2016.
             Was a High Priest of Trog.
             Demolished by an orc warlord
             ... wielding a +1 great mace of holy wrath
              (32 damage)
             ... on level 1 of the Orcish Mines on Nov 19, 2016.
             The game lasted 02:03:56 (22777 turns).

frd the Fighter (Gargoyle Berserker)               Turns: 22777, Time: 02:03:56

Health: -21/96     AC: 34    Str: 21    XL:     14   Next: 51%
Magic:  14/14      EV:  9    Int:  9    God:    Trog [*****.]
Gold:   801        SH:  6    Dex: 13    Spells: 0 memorised, 13 levels left

rFire  + . .     SeeInvis +     i - +2 eveningstar (crush)
rCold  . . .     Gourm    .     W - +5 chain mail
rNeg   + . .     Faith    +     S - +0 buckler {AC+3}
rPois  ∞         Spirit   .     B - +1 helmet {SInv}
rElec  +         Reflect  .     w - +1 cloak
rCorr  .         Harm     .     (no gloves)
MR     +....                    (no boots)
Stlth  ..........               Z - amulet of faith
                                k - ring of protection from fire
                                v - ring of stealth

@: no status effects
A: big wings, negative energy resistance 1, electricity resistance, unbreathing,
petrification resistance, rot immunity, AC +9
a: Fly, Berserk, Trog's Hand, Brothers in Arms, Burn Spellbooks, Renounce
Religion


You were on level 1 of the Orcish Mines.
You worshipped Trog.
Trog was extremely pleased with you.
You were not hungry.

You visited 3 branches of the dungeon, and saw 20 of its levels.

You collected 1509 gold pieces.
You spent 708 gold pieces at shops.

Inventory:

Hand Weapons
 a - the +7 whip "Uneank" {speed, Dex+3}
   (You found it on level 4 of the Dungeon)

   Attacks with this weapon are significantly faster.
   It affects your dexterity (+3).
 i - a +2 eveningstar of crushing (weapon)
 o - a +4 flail of crushing
Missiles
 q - 2 javelins of returning
 H - 28 tomahawks (quivered)
 I - 5 exploding tomahawks
 X - 8 tomahawks of dispersal
Armour
 w - a +1 cloak (worn)
 B - a +1 helmet of see invisible (worn)
 N - a +2 ring mail of fire resistance
 S - a +0 buckler of protection (worn)
 W - a +5 chain mail (worn)
Jewellery
 k - a ring of protection from fire (right hand)
 v - a ring of stealth (left hand)
 P - a +3 amulet of reflection
 Y - an uncursed ring of ice
 Z - an amulet of faith (around neck)
Wands
 n - a wand of paralysis (12/24)
 r - a wand of iceblast (15/15)
 A - a wand of flame (25/48)
 F - a wand of slowing (23/48)
 K - a wand of acid (8/15)
 L - a wand of lightning (10/15)
 O - a wand of enslavement (15/24)
Scrolls
 b - a scroll of silence {unknown}
 l - 11 scrolls of remove curse
 p - 2 scrolls of magic mapping
 u - 4 scrolls of immolation
 y - 6 scrolls of teleportation
 D - 3 scrolls of fear
 G - a scroll of recharging
 R - a scroll of amnesia {unknown}
Potions
 d - 2 potions of heal wounds
 e - a potion of brilliance {unknown}
 f - 4 potions of lignification
 g - 3 potions of might
 h - a potion of ambrosia {unknown}
 s - a potion of agility
 t - 3 potions of mutation {unknown}
 x - 3 potions of magic {unknown}
 M - 2 potions of invisibility
 T - a potion of resistance {unknown}
 U - 6 potions of curing
Comestibles
 c - 7 bread rations
 j - 4 royal jellies
 m - 12 fruits
 z - 9 slices of pizza
 C - 11 beef jerkies
 J - 10 meat rations


   Skills:
 * Level 14.0 Fighting
 * Level 13.1 Maces & Flails
 - Level 10.5 Throwing
 - Level 10.6 Armour
 - Level 1.5 Dodging
 * Level 9.8 Shields


You had 13 spell levels left.
You didn't know any spells.

Dungeon Overview and Level Annotations

Branches:
Dungeon (12/15)            Temple (0/1) D:7            Lair (6/6) D:10
 Shoals (0/4) Lair:4        Snake (0/4) Lair:2          Orc (2/2) D:12
  Slime: Lair:5-6       Elf: Orc:2

Altars:
Ashenzari
Cheibriados
Dithmenos
Gozag
Makhleb
Nemelex Xobeh
Okawaru
Qazlal
Ru
Sif Muna
Trog
Xom
Zin
The Shining One
Beogh

Shops:
D:11 *:*

Annotations:
D:12 1 runed door
Lair:5 DeXoteric's ghost, journeyman DDFi


Innate Abilities, Weirdness & Mutations

You are resistant to torment.
Your stone body is resilient. (AC +9)
You are immune to poison.
Your large and strong wings let you fly indefinitely.
You resist negative energy. (rN+)
You are resistant to electric shocks. (rElec)
You can survive without breathing.
You are immune to petrification.
You are immune to rotting.


Message History

The orc completely misses you. The orc closely misses you.
You climb upwards.
There is a stone staircase leading down here.
You block the orc's attack. The orc knight hits you with a glaive!!
You block the orc's attack. The orc hits you with a hand axe.
Things that are here:
a robe; a dagger; a whip
Things that are here:
a runed robe; a dagger The orc warlord hits you with a great mace of holy wrath!!!
Ouch! That really hurt!
* * * LOW HITPOINT WARNING * * *
The orc closely misses you.
You see here a +3 lajatang of distortion.
There is a staircase back to the Dungeon here.
You see here a dagger.
You block the orc knight's attack.
The orc warlord hits you with a great mace of holy wrath!!
You die...

###....##.....>.........
#...........[.)......#.
#......#.#...[#.......#
##......#............#.
#.........)............
##.....#...............
####.).o[.............#
##.###.ooo..........#...
#......@.[.........###.#
##................## ###
##....#[......#...#
##.#.............#
#..........#.##..##
##.#.#....#####...#
#####..### ##.## #...#
### ##.##


You could see an orc warlord, an orc knight and 2 orcs.

Vanquished Creatures
  Rupert (Lair:6)
  A dire elephant (Lair:3)
  A hydra (Lair:6)
  An anaconda (Lair:6)
  5 death yaks
  An orc high priest (Orc:1)
  An unseen horror (D:10)
  3 hill giants
  A lindwurm (Lair:3)
  A cyclops (D:11)
  An orc sorcerer (Orc:1)
  An ugly thing (D:12)
  19 elephants
  3 black mambas
  11 spiny frogs
  A gargoyle (D:11)
  5 rime drakes
  The ghost of frd the Cudgeler, a novice GrBe of Trog (D:3)
  11 komodo dragons
  A troll (D:10)
  Grinder (D:4)
  3 polar bears
  2 two-headed ogres
  10 blink frogs
  5 dream sheep
  6 hippogriffs
  A shadow (D:11)
  2 spriggans (Lair:5)
  32 yaks
  A vampire (D:10)
  A wyvern (Lair:6)
  Eustachio (D:5)
  A steam dragon (D:12)
  2 basilisks
  3 wargs (D:12)
  A mottled dragon (D:12)
  Menkaure (D:5)
  5 nagas (Lair:2)
  6 water moccasins
  11 porcupines
  4 ice beasts
  6 black bears
  17 orc warriors
  4 phantoms
  A necrophage (D:7)
  8 wolves
  7 ogres
  3 centaurs
  15 crocodiles
  5 big kobolds
  Blork the orc (D:4)
  14 bullfrogs
  A wyvern zombie (D:8)
  4 scorpions
  3 killer bees (D:7)
  The ghost of Nimsei the Ducker, a weakling DsGl of Dithmenos (D:4)
  8 crimson imps
  A centaur zombie (D:11)
  2 hounds
  2 bullfrog skeletons (D:10)
  7 orc priests
  4 iguanas
  3 jellies
  Crazy Yiuf (D:3)
  A centaur skeleton (D:7)
  Ijyb (D:3)
  10 orc wizards
  9 hell rats (Lair:2)
  Natasha (twice) (D:3)
  8 worker ants
  A hound skeleton (D:7)
  A worker ant zombie (D:10)
  9 gnolls
  14 adders
  A river rat (Lair:2)
  4 shadow imps
  An adder skeleton (D:6)
  3 worms
  3 dart slugs
  3 leopard geckos
  74 orcs
  8 bats
  5 giant cockroaches
  6 goblins
  10 hobgoblins
  9 jackals
  7 quokkas
  2 ball pythons
  A ball python zombie (D:6)
  3 frilled lizards
  A giant cockroach zombie (D:6)
  A jackal zombie (D:5)
  23 kobolds
  10 rats
518 creatures vanquished.

Vanquished Creatures (others)
  Natasha (D:3)
  An orc (D:8)
  A bush (Lair:6)
  11 fungi
  9 plants
  4 toadstools (Lair:3)
27 creatures vanquished.

Grand Total: 545 creatures vanquished

Notes
Turn   | Place    | Note
-------+----------+-------------------------------------------
     0 | D:1      | frd the Gargoyle Berserker began the quest for the Orb.
     0 | D:1      | Reached XP level 1. HP: 14/14 MP: 1/1
    98 | D:1      | Reached XP level 2. HP: 12/19 MP: 2/2
   759 | D:2      | Reached XP level 3. HP: 23/23 MP: 3/3
   761 | D:2      | Found a stormy altar of Qazlal.
   762 | D:2      | Noticed an earth elemental
   813 | D:2      | Reached ** piety under Trog
   978 | D:2      | Reached XP level 4. HP: 28/28 MP: 4/4
  1023 | D:2      | Found a shadowy altar of Dithmenos.
  1230 | D:2      | Noticed a water elemental
  1231 | D:2      | Noticed a fire elemental
  1231 | D:2      | Noticed an air elemental
  1448 | D:2      | Found a deep blue altar of Sif Muna.
  1520 | D:3      | Noticed Natasha
  1557 | D:3      | Noticed a big kobold
  1558 | D:3      | Noticed a big kobold
  1617 | D:3      | Found a glowing golden altar of the Shining One.
  1617 | D:3      | Found a sacrificial altar of Ru.
  1617 | D:3      | Found a shattered altar of Ashenzari.
  1652 | D:3      | Killed Natasha
  1891 | D:3      | Upgraded the game from 0.19.0-19-g8c6edcc to 0.19.0-20-gbc5f0c6
  1918 | D:3      | Noticed Ijyb
  1982 | D:3      | Killed Ijyb
  1982 | D:3      | Reached XP level 5. HP: 32/33 MP: 5/5
  2091 | D:3      | Noticed frd's ghost (novice GrBe)
  2108 | D:3      | Killed frd's ghost
  2108 | D:3      | Reached skill level 4 in Fighting
  2108 | D:3      | Reached skill level 5 in Maces & Flails
  2108 | D:3      | Reached XP level 6. HP: 35/39 MP: 6/6
  2245 | D:3      | Noticed Natasha
  2272 | D:3      | Killed Natasha
  2327 | D:3      | Reached XP level 7. HP: 44/44 MP: 7/7
  2361 | D:3      | HP: 2/44 [ogre/giant spiked club (13)]
  2732 | D:3      | Reached skill level 5 in Fighting
  2766 | D:3      | Found a glowing golden altar of the Shining One.
  2864 | D:3      | Noticed Natasha
  2875 | D:3      | Killed Natasha
  2988 | D:3      | Reached *** piety under Trog
  3095 | D:3      | Found a runed door.
  3580 | D:3      | Noticed Crazy Yiuf
  3586 | D:3      | Paralysed by Crazy Yiuf for 2 turns
  3588 | D:3      | Killed Crazy Yiuf
  3588 | D:3      | Reached skill level 5 in Armour
  3694 | D:4      | Noticed Nimsei's ghost (weakling DsGl)
  3699 | D:4      | Noticed Blork the orc
  3700 | D:4      | Killed Nimsei's ghost
  3840 | D:4      | Killed Blork the orc
  3853 | D:4      | Noticed Grinder
  3854 | D:4      | Paralysed by Grinder for 3 turns
  3915 | D:4      | Killed Grinder
  3915 | D:4      | Reached XP level 8. HP: 51/51 MP: 8/8
  4100 | D:4      | Got a jewelled whip
  4101 | D:4      | Identified the +7 whip "Uneank" {speed, Dex+3} (You found it on level 4 of the Dungeon)
  4297 | D:4      | Found a snail-covered altar of Cheibriados.
  4497 | D:5      | Entered Level 5 of the Dungeon
  4501 | D:5      | Found a burning altar of Makhleb.
  4538 | D:5      | Reached skill level 6 in Fighting
  4727 | D:5      | Found a shimmering altar of Xom.
  4730 | D:5      | Noticed Eustachio
  4746 | D:5      | Noticed Menkaure
  4772 | D:5      | Killed Menkaure
  4774 | D:5      | Reached XP level 9. HP: 56/56 MP: 9/9
  4839 | D:5      | Killed Eustachio
  5222 | D:5      | Upgraded the game from 0.19.0-20-gbc5f0c6 to 0.19.0-22-gd96e5fe
  5339 | D:6      | Reached **** piety under Trog
  5407 | D:6      | Found a sparkling altar of Nemelex Xobeh.
  5542 | D:6      | Reached skill level 7 in Fighting
  5782 | D:6      | Reached skill level 1 in Throwing
  5844 | D:6      | Found an opulent altar of Gozag.
  5987 | D:7      | Found a staircase to the Ecumenical Temple.
  6015 | D:7      | Found a bloodstained altar of Trog.
  6383 | D:7      | Found an iron altar of Okawaru.
  6675 | D:7      | Reached XP level 10. HP: 50/64 MP: 10/10
  6689 | D:8      | Reached skill level 10 in Maces & Flails
  6707 | D:8      | Found a glowing silver altar of Zin.
  7422 | D:7      | Reached skill level 8 in Fighting
  7958 | D:8      | Reached ***** piety under Trog
  8627 | D:9      | Found an iron altar of Okawaru.
  8886 | D:10     | Entered Level 10 of the Dungeon
  9019 | D:10     | Noticed an unseen horror
  9031 | D:10     | Noticed a hill giant
  9032 | D:10     | Killed an unseen horror
  9043 | D:9      | Reached skill level 5 in Throwing
  9280 | D:10     | Found a staircase to the Lair.
  9280 | D:10     | Noticed an elephant
  9302 | D:10     | Killed an elephant
  9302 | D:10     | Reached XP level 11. HP: 67/69 MP: 11/11
  9363 | Lair:1   | Entered Level 1 of the Lair of Beasts
  9393 | D:10     | Reached skill level 9 in Fighting
 11714 | Lair:2   | Got a twisted rapier
 11729 | Lair:2   | Found a staircase to the Snake Pit.
 11764 | Lair:2   | Reached skill level 10 in Fighting
 11912 | Lair:3   | Upgraded the game from 0.19.0-22-gd96e5fe to 0.19.0-23-gf02e663
 11936 | Lair:3   | Identified the +6 rapier of Naedukhlu {antimagic, *Slow Str+2 Dex+2} (You found it on level 2 of the Lair of Beasts)
 12054 | Lair:3   | Reached XP level 12. HP: 65/77 MP: 12/12
 12254 | Lair:3   | Received a gift from Trog
 12263 | Lair:3   | Reached skill level 10 in Armour
 12852 | Lair:3   | Found a runed door.
 13063 | Lair:3   | Received a gift from Trog
 13569 | Lair:3   | HP: 2/79 [lindwurm/blast of flame (25)]
 13575 | Lair:3   | Noticed a dire elephant
 14245 | Lair:3   | Identified the Disquisition on Nocuous Dislocation
 14331 | Lair:4   | Found a staircase to the Shoals.
 14439 | Lair:4   | Reached skill level 1 in Shields
 14490 | Lair:4   | Reached skill level 11 in Fighting
 14891 | Lair:4   | Noticed a death yak
 14891 | Lair:4   | Noticed a death yak
 14891 | Lair:4   | Noticed a death yak
 14891 | Lair:4   | Noticed a death yak
 14933 | Lair:4   | Noticed a death yak
 14982 | Lair:3   | Killed a death yak
 14982 | Lair:3   | Reached XP level 13. HP: 43/84 MP: 13/13
 15215 | Lair:3   | Killed a dire elephant
 15721 | Lair:3   | Received a gift from Trog
 16106 | Lair:3   | Reached skill level 5 in Shields
 16326 | Lair:3   | Reached skill level 12 in Fighting
 16775 | Lair:5   | Reached skill level 10 in Throwing
 16869 | Lair:5   | Received a gift from Trog
 17305 | Lair:5   | Noticed DeXoteric's ghost (journeyman DDFi)
 17477 | Lair:6   | Entered Level 6 of the Lair of Beasts
 18091 | Lair:6   | Reached skill level 13 in Fighting
 18373 | Lair:6   | Received a gift from Trog
 18544 | Lair:6   | Gained mutation: Your large and strong wings let you fly indefinitely. [Gargoyle growth]
 18544 | Lair:6   | Reached XP level 14. HP: 83/94 MP: 14/14
 18586 | Lair:6   | Noticed Rupert
 18588 | Lair:6   | Paralysed by Rupert for 3 turns
 18592 | Lair:6   | Paralysed by Rupert for 6 turns
 18620 | Lair:6   | Killed Rupert
 18881 | Lair:6   | Noticed a dire elephant
 18882 | Lair:6   | Noticed a dire elephant
 18901 | Lair:6   | Noticed a dire elephant
 18915 | Lair:6   | Noticed a dire elephant
 19831 | D:10     | Received a gift from Trog
 20305 | D:11     | Found Gin Duyp's Book Shop.
 20333 | D:11     | Found Fyfe Ucw's Assorted Antiques.
 20341 | D:11     | Bought 2 potions of invisibility for 448 gold pieces
 20341 | D:11     | Bought a potion of curing for 84 gold pieces
 20341 | D:11     | Bought a scroll of identify for 56 gold pieces
 20384 | D:11     | Found Gelue's Assorted Antiques.
 20389 | D:11     | Bought a scroll of teleportation for 72 gold pieces
 20389 | D:11     | Bought a scroll of identify for 48 gold pieces
 20772 | D:12     | Found a glowing silver altar of Zin.
 20772 | D:12     | Found a runed door.
 20772 | D:12     | Noticed an angel
 21404 | D:12     | Found a staircase to the Orcish Mines.
 21647 | Orc:1    | Entered Level 1 of the Orcish Mines
 21964 | Orc:1    | Paralysed by an orc sorcerer for 7 turns
 22198 | Orc:1    | Received a gift from Trog
 22411 | Orc:1    | Reached skill level 14 in Fighting
 22426 | Orc:1    | Found a roughly hewn altar of Beogh.
 22596 | Orc:2    | Entered Level 2 of the Orcish Mines
 22596 | Orc:2    | Noticed an orc warlord
 22777 | Orc:1    | Demolished by an orc warlord

Skill      XL: |  1  2  3  4  5  6  7  8  9 10 11 12 13 14 |
---------------+-------------------------------------------+-----
Maces & Flails | 4 5 6 7 8 9 11 12 13 | 13.1
Armour         | 3 4 5 6 7 8 9 10 | 10.6
Fighting       | 4 5 6 7 8 10 11 13 14 | 14.0
Throwing       | 3 5 7 9 10 | 10.5
Shields        | 3 8 9 |  9.8
Dodging        | |  1.5

Action                   |  1- 3 |  4- 6 |  7- 9 | 10-12 | 13-15 || total
-------------------------+-------+-------+-------+-------+-------++-------
Melee: Mace              |   165 |    52 |       |       |       ||   217
       Flail             |       |    96 |   140 |    51 |       ||   287
       Whip              |       |       |   335 |  1268 |   852 ||  2455
       Eveningstar       |       |       |       |       |   318 ||   318
Throw: Tomahawk          |       |       |     3 |       |    33 ||    36
Invok: Berserk           |       |     1 |     4 |     3 |     2 ||    10
       Trog's Hand       |       |       |     1 |     4 |       ||     5
       Burn Spellbooks   |       |       |       |     2 |     2 ||     4
Evoke: Wand              |       |       |       |       |     2 ||     2
  Use: Scroll            |       |       |     4 |    11 |    13 ||    28
       Potion            |       |       |       |     3 |     2 ||     5
 Stab: Sleeping          |     1 |       |       |       |       ||     1
       Invisible         |       |       |       |     2 |     1 ||     3
  Eat: Chunk             |       |     6 |    16 |    19 |    16 ||    57
       Fruit             |       |       |     1 |     4 |     5 ||    10
       Bread ration      |       |       |       |     3 |     1 ||     4
Armor: Animal skin       |    47 |       |       |       |       ||    47
       Plate armour      |    61 |   128 |   265 |   301 |       ||   755
       Chain mail        |       |       |       |   182 |   530 ||   712
Dodge: Dodged            |   109 |    44 |    99 |   173 |   319 ||   744
Block: Buckler           |       |       |       |    82 |   247 ||   329
       Other             |       |       |       |    10 |       ||    10
       Reflection        |       |       |       |     5 |       ||     5
       Shield            |       |       |       |   132 |       ||   132
